 Dungeon Crawl Stone Soup version 0.26.0-10-g1f06aea511 (webtiles) character file.

Game seed: 5142821664334165593

3063 Borgoz the Nimble (level 9, -3/78 HPs)
             Began as a Ghoul Gladiator on Jan 15, 2021.
             Was a Follower of Ashenzari.
             Slain by a two-headed ogre
             ... wielding a +0 dire flail
              (24 damage)
             ... on level 8 of the Dungeon.
             The game lasted 00:12:33 (8267 turns).

Borgoz the Nimble (Ghoul Gladiator)                 Turns: 8267, Time: 00:12:33

Health: -3/78      AC:  9    Str: 18    XL:     9   Next: 88%
Magic:  8/8        EV: 14    Int:  3    God:    Ashenzari [*.....]
Gold:   552        SH:  3    Dex: 13    Spells: 8/8 levels left

rFire    . . .     SeeInvis .   a - +0 long sword
rCold    + . .     Faith    .   l - +0 buckler
rNeg     + + +     Spirit   .   j - +0 ring mail
rPois    ∞         Reflect  .   c - +0 helmet
rElec    .         Harm     .   s - +0 cloak (curse)
rCorr    .         Rampage  .   (no gloves)
Will     .....                  t - +1 pair of boots {run}
Stlth    ++........             g - amulet of the acrobat
HPRegen  0.00/turn              i - ring of stealth
MPRegen  0.11/turn              (no ring)

@: quick
A: claws 1, cold resistance 1, negative energy resistance 3, inhibited
regeneration, torment resistance, unbreathing
a: Renounce Religion, Curse Item, Scrying


You were on level 8 of the Dungeon.
You worshipped Ashenzari.
Ashenzari was aware of your devotion.
You visited 2 branches of the dungeon, and saw 9 of its levels.

You collected 552 gold pieces.

Inventory:

Hand Weapons
 a - a +0 long sword (weapon)
 d - a cursed +2 great sword of freezing
 q - the cursed +1 flail of Rabisull {vorpal, rN+}
   (You took it off an orc wizard on level 5 of the Dungeon)

   It inflicts extra damage upon your enemies.
   It protects you from negative energy.
   It has a curse placed upon it.
Armour
 c - a +0 helmet (worn)
 j - a +0 ring mail (worn)
 l - a +0 buckler (worn)
 s - a cursed +0 cloak (worn)
 t - a +1 pair of boots of running (worn)
Jewellery
 f - an uncursed ring of fire
 g - an amulet of the acrobat (around neck)
 i - a ring of stealth (left claw)
 w - a +4 ring of protection
Scrolls
 k - a scroll of enchant weapon {unknown}
 m - a scroll of teleportation
 n - 6 scrolls of remove curse
 o - a scroll of magic mapping
Potions
 b - 2 potions of might
 e - 2 potions of cancellation
 h - 2 potions of brilliance
 p - a potion of magic
 r - a potion of invisibility
 u - a potion of mutation {unknown}
 v - a potion of attraction {unknown}


   Skills:
 + Level 6.9 Fighting
 * Level 8.3 Long Blades
 - Level 1.7 Throwing
 * Level 8.3 Dodging


You had 8 spell levels left.
You didn't know any spells.
Your spell library contained the following spells:

 Spells                   Type           Power        Failure   Level
 Foxfire                  Conj/Fire      0%           88%         1
 Conjure Flame            Conj/Fire      0%           99%         3
 Inner Flame              Hex/Fire       0%           99%         3
 Sticky Flame             Conj/Fire      0%           100%        4
 Fireball                 Conj/Fire      0%           100%        5


Dungeon Overview and Level Annotations

Branches:
Dungeon (8/15)             Temple (1/1) D:5
   Lair: D:8-11

Altars:
Ashenzari
Cheibriados
Dithmenos
Elyvilon
Fedhas
Gozag
Hepliaklqana
Kikubaaqudgha
Makhleb
Nemelex Xobeh
Okawaru
Qazlal
Ru
Trog
Uskayaw
Vehumet
Wu Jian
Xom
Yredelemnul
Zin
The Shining One

Shops:
D:4 :


Innate Abilities, Weirdness & Mutations

You thrive by killing the living.
You are immune to poison.
You have sharp fingernails.
Your flesh is cold resistant. (rC+)
You are immune to negative energy. (rN+++)
You do not regenerate when monsters are visible.
You are immune to unholy pain and torment.
You can survive without breathing.


Message History

The two-headed ogre is moderately wounded.
The two-headed ogre barely misses you.
You hit the two-headed ogre but do no damage.
The two-headed ogre is moderately wounded.
The two-headed ogre hits you with a +0 dire flail!
The two-headed ogre misses you.
You hit the two-headed ogre.
The two-headed ogre is moderately wounded.
The two-headed ogre hits you with a +0 dire flail!
The two-headed ogre hits you with a +0 giant club!
* * * LOW HITPOINT WARNING * * *
You slash the two-headed ogre!
The two-headed ogre is heavily wounded.
The two-headed ogre hits you with a +0 dire flail.
* * * LOW HITPOINT WARNING * * *
The two-headed ogre barely misses you.
You aren't carrying any items that you can evoke.
You feel better.
The two-headed ogre hits you with a +0 dire flail!!
You die...

..###.... #.(..+ #
..........#+#####...## #
#.#......#.......<...###
........#..........†.#.
#......#..............
#......#..........†##.
#.....##....###+#####
#.....##'#####
##...@O##.....#
.......†..†.....#
..........#.....#
..........#.....#
..........#.....#
..........#.....#
###############.# ..# .#


You could see a two-headed ogre.

Vanquished Creatures
  A hornet (D:5)
  Menkaure (D:6)
  2 water moccasins
  An orc warrior (D:6)
  A sky beast (D:6)
  An ice beast (D:6)
  A black bear (D:6)
  2 ogres
  A phantom (D:6)
  A centaur (D:8)
  A big kobold (D:7)
  5 bullfrogs
  A water moccasin zombie (D:3)
  A scorpion (D:8)
  3 wights (D:6)
  A centaur zombie (D:7)
  A centaur skeleton (D:8)
  5 hounds
  3 jellies
  7 orc priests
  5 worker ants
  10 orc wizards
  A hound zombie (D:2)
  2 worker ant zombies (D:6)
  4 gnolls (D:4)
  7 adders
  3 ufetubi (D:5)
  An ooze (D:1)
  An adder skeleton (D:6)
  3 worms
  2 dart slugs
  2 leopard geckos
  21 orcs
  10 bats
  7 giant cockroaches
  12 goblins
  8 hobgoblins
  7 jackals
  6 quokkas
  2 ball pythons
  7 frilled lizards
  A giant cockroach zombie (D:5)
  9 kobolds
  A leopard gecko skeleton (D:4)
  2 leopard gecko zombies
  7 rats
181 creatures vanquished.

Vanquished Creatures (others)
  An orc warrior (D:6)
  An orc wizard (D:6)
  A jackal (D:6)
  A quokka (D:6)
  A fungus (D:8)
  6 plants
11 creatures vanquished.

Grand Total: 192 creatures vanquished

Notes
Turn   | Place    | Note
-------+----------+-------------------------------------------
     0 | D:1      | Borgoz the Ghoul Gladiator began the quest for the Orb.
     0 | D:1      | Reached XP level 1. HP: 17/17 MP: 0/0
   344 | D:1      | Reached XP level 2. HP: 23/25 MP: 1/1
   582 | D:1      | Reached XP level 3. HP: 30/30 MP: 2/2
  1019 | D:2      | Reached XP level 4. HP: 29/37 MP: 3/3
  1433 | D:2      | Found an ancient bone altar of Kikubaaqudgha.
  1835 | D:2      | Found a white marble altar of Elyvilon.
  2018 | D:3      | Found a glowing golden altar of the Shining One.
  2052 | D:3      | Reached XP level 5. HP: 43/45 MP: 4/4
  2182 | D:3      | Reached XP level 6. HP: 4/51 MP: 5/5
  3263 | D:3      | Found a basalt altar of Yredelemnul.
  3265 | D:3      | Noticed a profane servitor
  3330 | D:3      | Noticed an angel
  3510 | D:4      | Reached XP level 7. HP: 59/59 MP: 6/6
  3518 | D:4      | Reached skill level 5 in Long Blades
  3518 | D:4      | Reached skill level 5 in Dodging
  4100 | D:4      | Found Oreixyal's Book Shop.
  4424 | D:5      | Entered Level 5 of the Dungeon
  4446 | D:5      | Noticed a hornet
  4467 | D:5      | Killed a hornet
  4468 | D:5      | Reached XP level 8. HP: 19/67 MP: 7/7
  4750 | D:5      | Found a sacrificial altar of Ru.
  4758 | D:5      | Identified the cursed +1 flail of Rabisull {vorpal, rN+}
  4764 | D:5      | Reached skill level 5 in Fighting
  4979 | D:5      | Found an opulent altar of Gozag.
  5031 | D:5      | Identified a +1 pair of boots of running (You found it on
                  | level 5 of the Dungeon)
  5147 | D:5      | Found a staircase to the Ecumenical Temple.
  5166 | Temple   | Entered the Ecumenical Temple
  5240 | Temple   | Became a worshipper of Ashenzari the Shackled
  5673 | D:6      | Reached XP level 9. HP: 40/75 MP: 8/8
  6300 | D:6      | Found a shimmering altar of Xom.
  6384 | D:6      | Noticed Menkaure
  6397 | D:6      | Killed Menkaure
  8156 | D:8      | Reached * piety under Ashenzari
  8248 | D:8      | Noticed a two-headed ogre
  8267 | D:8      | Slain by a two-headed ogre

Illustrated notes

Levels and vault maps discovered:
D:1:      matt_arrival_diagonals, layout_rooms, minmay_cupped
D:2:      layout_rooms, overflow_temple_1_default, lemuel_doored_altar
D:3:      layout_rooms, grunt_temple_overflow_holy_war,
          kennysheep_generic_room_14
D:4:      layout_loops_ring, serial_shops, shop, kennysheep_generic_room_10
D:5:      layout_cave_pools, nicolae_gozag_seed_capital,
          nicolae_ru_great_annihilating_truth,
          minmay_temple_entry_enclosed_plants, minmay_between
D:6:      layout_basic, xom_confusion_cloud, uniq_menkaure
D:7:      layout_gridville, minmay_strange_pillars
D:8:      layout_gridville, dpeg_oklobed_lair, serial_rivers,
          chequers_serial_rivers_micro_c, chequers_serial_rivers_small_b,
          chequers_serial_rivers_micro_d, chequers_serial_rivers_micro_b,
          chequers_serial_rivers_marsh, chequers_serial_rivers_small_a,
          minmay_fractal_squares_gapless_5
Temple:   zaba_magenta_temple

Skill      XL: |  1  2  3  4  5  6  7  8  9 |
---------------+----------------------------+-----
Dodging        | 3 4 5 7 8 |  8.3
Long Blades    | 3 4 5 7 8 |  8.3
Fighting       | 3 4 5 6 |  6.9
Throwing       | |  1.7

Action                   |  1- 3 |  4- 6 |  7- 9 || total
-------------------------+-------+-------+-------++-------
Melee: Long sword        |   114 |   221 |   485 ||   820
Throw: Throwing net      |       |     7 |     2 ||     9
  Use: Scroll            |     2 |     3 |     7 ||    12
       Potion            |       |     4 |    10 ||    14
 Stab: Held in net/web   |       |       |     2 ||     2
       Paralysed         |       |       |     1 ||     1
       Sleeping          |       |       |     2 ||     2
Armor: Ring mail         |    84 |    97 |   182 ||   363
       Leather armour    |     1 |       |       ||     1
Dodge: Dodged            |   108 |   126 |   394 ||   628
Block: Buckler           |       |    23 |    66 ||    89
       Rpst.: Long sword |    41 |    45 |   102 ||   188
